 Dungeon Crawl Stone Soup version 0.19-a0 (webtiles) character file.

112 beholder the Distorting Demonspawn (level 4, -1/37 HPs)
             Began as a Demonspawn Abyssal Knight on Apr 27, 2016.
             Was a Believer of Lugonu.
             Slain by Zhenya25pyc's ghost (14 damage)
             ... on level 3 of the Dungeon.
             The game lasted 00:12:46 (2481 turns).

beholder the Distorting Demonspawn (DsAK)           Turns: 2481, Time: 00:12:47

Health: -1/37      AC:  4    Str: 16 (18) XL:     4   Next: 64%
Magic:  7/7        EV: 11    Int: 12 (13) God:    Lugonu [**....]
Gold:   123        SH:  0    Dex: 10 (13) Spells: 0 memorised, 3 levels left

rFire  + . .     SeeInvis .     a - +2 falchion
rCold  . . .     Gourm    .     b - +0 leather armour
rNeg   . . .     Faith    .     (no shield)
rPois  .         Spirit   .     (no helmet)
rElec  .         Dismiss  .     (no cloak)
rCorr  .         Reflect  .     (no gloves)
SustAt .         Harm     .     (no boots)
MR     .....     Rnd*Tele +     (no amulet)
Stlth  +.........               (no ring)
                                h - ring of teleportation (curse)

@: mighty, not resistant to hostile enchantments, very unstealthy
A: icy blue scales 1, fire resistance 1, powered by death 1
a: Depart the Abyss, Bend Space, Renounce Religion


You were on level 3 of the Dungeon.
You worshipped Lugonu.
Lugonu was pleased with you.
You were hungry.

You visited 1 branch of the dungeon, and saw 3 of its levels.
You visited the Abyss 1 time.

You collected 123 gold pieces.

Inventory:

Hand Weapons
 a - a +2 falchion (weapon)
Missiles
 m - a throwing net (quivered)
Armour
 b - a +0 leather armour (worn)
Jewellery
 h - a cursed ring of teleportation (left hand)
Scrolls
 f - a scroll of immolation
 i - 2 scrolls of identify {unknown}
 k - 2 scrolls of fear {unknown}
 r - 2 scrolls of amnesia {unknown}
 t - 2 scrolls of enchant armour {unknown}
 w - a scroll of magic mapping {unknown}
Potions
 n - a potion of brilliance {unknown}
 q - a potion of berserk rage {unknown}
 s - a potion of heal wounds {unknown}
 u - 3 potions of agility {unknown}
 v - a potion of cancellation {unknown}
 x - a potion of curing {unknown}
Comestibles
 c - 4 bread rations
 d - a meat ration
 g - 3 beef jerkies
 p - 5 chunks of flesh


   Skills:
 + Level 3.9 Fighting
 + Level 2.8 Long Blades
 - Level 1.7 Armour
 - Level 0.8 Dodging
 + Level 4.4 Invocations


You had 3 spell levels left.
You didn't know any spells.

Dungeon Overview and Level Annotations

Branches:
Dungeon (3/15)

Altars:
Fedhas
Qazlal
Xom
Zin

Annotations:
D:3 Zhenya25pyc's ghost, amateur GrFi


Innate Abilities, Weirdness & Mutations

You are partially covered in icy blue scales (AC +1).
Your flesh is heat resistant.
You regenerate a little health from kills.


Message History

The orc is heavily wounded.
Zhenya25pyc's ghost hits you!
* * * LOW HITPOINT WARNING * * *
The orc barely misses you.
You take 10 damage, and have 11/37 hp.
MASSIVE DAMAGE!!
It was a potion of degeneration.
There was something very wrong with that liquid.
You feel weakened.
You feel dopey.
You feel clumsy. Zhenya25pyc's ghost barely misses you.
You see here a giant newt skeleton.
It was a potion of might.
You feel very mighty all of a sudden. Zhenya25pyc's ghost closely misses you.
You slash Zhenya25pyc's ghost!
Zhenya25pyc's ghost is heavily damaged.
Zhenya25pyc's ghost completely misses you.
You hit Zhenya25pyc's ghost but do no damage.
Zhenya25pyc's ghost is heavily damaged.
Zhenya25pyc's ghost hits you!
You die...

.###..######.##########....#.#
#.. #.o÷..# #.####.# #..
#####.# #......# ...
#o######..##### #.#>
#o##......# #.#. #o#.....#.#
..#. #r#..##.#.# #W#..#..#.#
#@#..#.##.# ########
#.###...<.# #......#
#.###.....#
#......########.#.......#
#[..............#.##.#.###
#......(#########.##.#...#
#.......#### ##.#....#.###
#..........#####....##.#...#
#......_...............###.#


You could see Zhenya25pyc's ghost (inner flame), 3 orcs and a rat.

Vanquished Creatures
  4 adders
  An ufetubus (Abyss:1)
  3 worms (D:2)
  2 dart slugs
  5 giant geckos
  9 bats
  7 goblins
  7 hobgoblins
  2 giant newts
  10 kobolds
  7 rats
57 creatures vanquished.

Notes
Turn   | Place    | Note
--------------------------------------------------------------
     0 | Abyss:1  | beholder the Demonspawn Abyssal Knight began the quest for the Orb.
     0 | Abyss:1  | Reached XP level 1. HP: 18/18 MP: 2/2
    20 | Abyss:1  | Found a corrupted altar of Lugonu.
    65 | Abyss:1  | Noticed a smoke demon
    68 | Abyss:1  | Noticed an eidolon
    74 | D:1      | Escaped the Abyss
   201 | D:1      | Gained mutation: Your flesh is heat resistant. [demonic ancestry]
   201 | D:1      | Reached XP level 2. HP: 24/24 MP: 4/4
   526 | D:1      | Reached * piety under Lugonu
   533 | D:1      | Reached skill level 3 in Invocations
   853 | D:1      | Gained mutation: You are partially covered in icy blue scales (AC +1). [demonic ancestry]
   853 | D:1      | Reached XP level 3. HP: 26/29 MP: 5/5
  1008 | D:2      | Found a blossoming altar of Fedhas.
  1018 | D:2      | Found a stormy altar of Qazlal.
  1422 | D:2      | Gained mutation: You regenerate a little health from kills. [demonic ancestry]
  1422 | D:2      | Reached XP level 4. HP: 29/37 MP: 6/6
  1424 | D:2      | Reached skill level 4 in Invocations
  1591 | D:2      | Reached ** piety under Lugonu
  2283 | D:3      | Noticed an angel
  2283 | D:3      | Found a shimmering altar of Xom.
  2283 | D:3      | Found a glowing silver altar of Zin.
  2450 | D:3      | Noticed Zhenya25pyc's ghost (amateur GrFi)
  2481 | D:3      | Slain by Zhenya25pyc's ghost

Vault maps used:
D:1:      dpeg_arrival_ternary
D:2:      grunt_temple_overflow_forces_of_nature, first_bread, minivault_4,
          minmay_misc_feat_pillars, hangedman_decor_growths,
          hangedman_abyss_or_decor_lesser_grid
D:3:      grunt_temple_overflow_order_and_chaos_1

Skill      XL: |  1  2  3  4 |
---------------+-------------+-----
Long Blades    | 2 |  2.8
Invocations    | 3 4 |  4.4
Fighting       | |  3.9
Armour         | |  1.7
Dodging        | |  0.8

Action                   |  1- 3 |  4- 6 || total
-------------------------+-------+-------++-------
Melee: Falchion          |   122 |    98 ||   220
Throw: Javelin           |    10 |    13 ||    23
       Throwing net      |     1 |     1 ||     2
Invok: Depart the Abyss  |     1 |       ||     1
  Use: Scroll            |       |     2 ||     2
       Potion            |       |     2 ||     2
 Stab: Sleeping          |     1 |       ||     1
  Eat: Chunk             |     2 |     3 ||     5
Armor: Leather armour    |    45 |    30 ||    75
Dodge: Dodged            |    91 |    58 ||   149
